 Dungeon Crawl Stone Soup version 0.19.4-9-g45fd643 (webtiles) character file.

34 Feta the Chiller (level 3, -1/19 HPs)
             Began as a Gargoyle Ice Elementalist on Feb 16, 2017.
             Slain by a scorpion (5 damage)
             ... on level 3 of the Dungeon.
             The game lasted 00:03:41 (1214 turns).

Feta the Chiller (Gargoyle Ice Elementalist)        Turns: 1214, Time: 00:03:42

Health: -1/19      AC:  5    Str: 15    XL:     3   Next: 31%
Magic:  6/6        EV: 12    Int: 15    God:
Gold:   93         SH:  0    Dex: 10    Spells: 2 memorised, 3 levels left

rFire  . . .     SeeInvis .     s - +1 whip (elec)
rCold  . . .     Gourm    .     a - +0 robe
rNeg   + . .     Faith    .     (no shield)
rPois  ∞         Spirit   .     (no helmet)
rElec  +         Reflect  .     (no cloak)
rCorr  .         Harm     .     (no gloves)
MR     .....                    (no boots)
Stlth  ++........               (no amulet)
                                (no ring)
                                n - +3 ring of strength

@: no status effects
A: negative energy resistance 1, electricity resistance, unbreathing,
petrification resistance, rot immunity, AC +3
a: no special abilities


You were on level 3 of the Dungeon.
You were not hungry.

You visited 1 branch of the dungeon, and saw 3 of its levels.

You collected 93 gold pieces.

Inventory:

Hand Weapons
 s - a +1 whip of electrocution (weapon)
Missiles
 d - 63 stones (quivered)
Armour
 a - a +0 robe (worn)
 q - a cursed +0 scale mail
Jewellery
 n - a +3 ring of strength (left hand)
Scrolls
 h - 3 scrolls of enchant weapon {unknown}
 j - a scroll of fear {unknown}
 l - a scroll of enchant armour {unknown}
 p - a scroll of magic mapping {unknown}
 t - a scroll of identify {unknown}
 u - 2 scrolls of remove curse {unknown}
Potions
 e - a potion of flight {unknown}
 g - a potion of heal wounds {unknown}
 k - 3 potions of lignification {unknown}
 m - 2 potions of brilliance {unknown}
 o - 2 potions of agility {unknown}
 r - a potion of magic {unknown}
Books
 b - a book of Frost

   Spells                             Type                      Level
   a - Freeze                         Ice                          1
   b - Throw Frost                    Conjuration/Ice              2
   c - Ozocubu's Armour               Charms/Ice                   3
   d - Throw Icicle                   Conjuration/Ice              4
   e - Summon Ice Beast               Ice/Summoning                4
Comestibles
 c - a bread ration
 f - 3 chunks of flesh
 i - a meat ration


   Skills:
 + Level 0.2 Maces & Flails
 + Level 2.0 Dodging
 - Level 2.1 Stealth
 + Level 2.6 Spellcasting
   Level 1.1 Conjurations
 + Level 3.4 Ice Magic


You had 3 spell levels left.
You knew the following spells:

 Your Spells              Type           Power        Failure   Level  Hunger
a - Freeze                Ice            ##..         6%          1    #......
b - Ozocubu's Armour      Chrm/Ice       #.......     34%         3    ###....


Dungeon Overview and Level Annotations

Branches:
Dungeon (3/15)

Altars:


Innate Abilities, Weirdness & Mutations

You are resistant to torment.
Your stone body is resilient. (AC +3)
You are immune to poison.
You resist negative energy. (rN+)
You are resistant to electric shocks. (rElec)
You can survive without breathing.
You are immune to petrification.
You are immune to rotting.


Message History

The scorpion is lightly wounded.
The scorpion stings you.
You hit the scorpion.
The scorpion is heavily wounded.
The scorpion stings you.
You closely miss the scorpion.
The scorpion is heavily wounded.
The scorpion stings you but does no damage.
You closely miss the scorpion.
The scorpion is moderately wounded.
The scorpion barely misses you.
The kobold wields a blowgun.
The kobold shoots a poisoned needle.
The poisoned needle hits you! The scorpion stings you.
* * * LOW HITPOINT WARNING * * *
Found a scroll labeled CEIS YHOMUTZ.
You barely miss the kobold. The scorpion closely misses you.
The kobold unwields an uncursed blowgun.
The kobold closely misses you.
You completely miss the kobold. The scorpion stings you.
You die...

### #<# #.# #.#
#.# #.#
########.#
.!....K..######
......s@.......
........#######
........#
........+
........#
(.......#
.....)..#
.?......#


You could see a scorpion and a kobold.

Vanquished Creatures
  2 adders (D:2)
  A leopard gecko (D:1)
  6 goblins
  A hobgoblin (D:1)
  A ball python (D:1)
  4 frilled lizards (D:1)
  A kobold (D:1)
  A rat (D:1)
17 creatures vanquished.

Notes
Turn   | Place    | Note
-------+----------+-------------------------------------------
     0 | D:1      | Feta the Gargoyle Ice Elementalist began the quest for the Orb.
     0 | D:1      | Reached XP level 1. HP: 10/10 MP: 3/3
   214 | D:1      | Reached XP level 2. HP: 14/15 MP: 3/5
   720 | D:2      | Reached XP level 3. HP: 19/19 MP: 4/6
   728 | D:2      | Learned a level 3 spell: Ozocubu's Armour
  1200 | D:3      | Noticed a scorpion
  1214 | D:3      | Slain by a scorpion

Skill      XL: |  1  2 |
---------------+-------+-----
Dodging        | 2 |  2.0
Maces & Flails | |  0.2
Stealth        | |  2.1
Spellcasting   | |  2.6
Conjurations   | |  1.1
Ice Magic      | |  3.4

Action                   || total
-------------------------++-------
Melee: Whip              ||    30
 Cast: Freeze            ||    14
 Stab: Sleeping          ||     1
  Eat: Chunk             ||     1
Armor: Robe              ||    11
Dodge: Dodged            ||    19
